 Dungeon Crawl Stone Soup version 0.28.0 (webtiles) character file.

Game seed: 2413163239487053535

128998 GrayStillPlays the Zephyrmancer (level 17, 0/90 HPs)
             Began as a Vine Stalker Fighter on Feb 8, 2022.
             Was an Initiate of Gozag.
             Hit by a javelin thrown by a merfolk javelineer (6 damage)
             ... on level 1 of the Shoals on Feb 9, 2022.
             The game lasted 03:11:50 (36099 turns).

GrayStillPlays the Zephyrmancer (VSFi)             Turns: 36099, Time: 03:11:50

Health: 0/90       AC: 24    Str: 20 (21) XL:     17   Next: 4%
Magic:  0/32       EV: 14    Int: 12      God:    Gozag
Gold:   5067       SH: 13    Dex: 25      Spells: 26/36 levels left

rFire   + . .      SeeInvis +   K - +10 scimitar "Xipatoo" {holy, Dex+4, long}
rCold   + . .      Faith    .   c - +2 kite shield {rF+}
rNeg    + + +      Spirit   +   A - +2 plate armour {rC+}
rPois   +          Reflect  .   m - +2 helmet
rElec   +          Harm     .   n - +0 cloak
rCorr   .          Rampage  .   S - +0 pair of fencer's gloves {Riposte Dex+3}
Will    +++..                   Y - +0 pair of boots of Weightlessness {rElec rPois rN++ Slay-2}
Stlth   ..........              q - amulet of regeneration {@e2}
HPRegen 1.85/turn               u - +4 ring of evasion
MPRegen 0.23/turn               t - ring of Anoyr {+Blink rN+ Will+ Dex+2 SInv}

@: about to teleport, gold aura, mesmerised, very slow
A: fangs 3, regeneration 1, magic shield, antimagic bite, no potion heal 2
a: Renounce Religion, Evoke Blink, Potion Petition, Call Merchant, Bribe Branch


You were on level 1 of the Shoals.
You worshipped Gozag.
Gozag was greatly pleased with you.
You visited 6 branches of the dungeon, and saw 28 of its levels.
You also visited: Gauntlet.

You collected 8251 gold pieces.
You spent 1959 gold pieces at shops.
You paid 1225 gold pieces to Gozag.


Innate Abilities, Weirdness & Mutations

You have razor-sharp teeth.
Your natural rate of healing is unusually fast.
When hurt, damage is shared between your health and your magic reserves.
Your bite disrupts and absorbs the magic of your enemies.
Potions cannot restore your health.


   Skills:
 - Level 10.7 Fighting
 - Level 10.1(10.7) Short Blades
 - Level 5.5(8.5) Long Blades
 - Level 9.7 Armour
 - Level 8.7 Dodging
 - Level 4.6 Shields
 - Level 10.0 Spellcasting
 * Level 11.0 Transmutations
 * Level 11.0 Air Magic
 - Level 9.1 Evocations


You had 26 spell levels left.
You knew the following spells:

 Your Spells              Type           Power      Damage    Failure   Level
a - Storm Form            Tmut/Air       16%        N/A       100%        7
b - Swiftness             Air            32%        N/A       21%         3

Your spell library contained the following spells:

 Spells                   Type           Power      Damage    Failure   Level
 Beastly Appendage        Tmut           64%        N/A       7%          1
 Wereblood                Tmut           32%        N/A       10%         2
 Shock                    Conj/Air       76%        1d7       54%         1
 Airstrike                Air            16%        N/A       54%         4
 Passwall                 Tmut/Erth      15%        N/A       67%         2
 Spider Form              Tmut/Pois      19%        N/A       88%         3
 Blade Hands              Tmut           16%        N/A       88%         5
 Animate Skeleton         Necr           12%        N/A       99%         1
 Apportation              Tloc           12%        N/A       99%         1
 Summon Small Mammal      Summ           24%        N/A       99%         1
 Ignite Poison            Fire/Tmut/Pois 14%        N/A       99%         3
 Mephitic Cloud           Conj/Pois/Air  14%        N/A       99%         3
 Ensorcelled Hibernation  Hex/Ice        12%        N/A       100%        2
 Call Canine Familiar     Summ           6%         N/A       100%        3
 Conjure Flame            Conj/Fire      6%         6-21      100%        3
 Portal Projectile        Hex/Tloc       12%        N/A       100%        3
 Tukima's Dance           Hex            6%         N/A       100%        3
 Anguish                  Hex/Necr       3%         N/A       100%        4
 Animate Armour           Summ/Erth      12%        N/A       100%        4
 Leda's Liquefaction      Hex/Erth       3%         N/A       100%        4
 Sticky Flame             Conj/Fire      6%         2d3       100%        4
 Summon Ice Beast         Ice/Summ       6%         N/A       100%        4
 Excruciating Wounds      Necr           3%         N/A       100%        5
 Freezing Cloud           Conj/Ice/Air   7%         6-21      100%        5
 Summon Mana Viper        Hex/Summ       6%         N/A       100%        5
 Iron Shot                Conj/Erth      3%         9d2       100%        6
 Enfeeble                 Hex            3%         N/A       100%        7
 Monstrous Menagerie      Summ           3%         N/A       100%        7

Inventory:

Hand Weapons
 K - the +10 scimitar "Xipatoo" (weapon) {holy, Dex+4, long}
   (You bought it in a shop on level 2 of the Orcish Mines)

   It has been blessed by the Shining One to cause great damage to the undead
   and demons.
   Dex:       It affects your dexterity (+4).
Missiles
 d - 27 poisoned darts (quivered) {throwing}
 M - 3 throwing nets {=f!fthrowing}
 N - a curare-tipped dart {=fthrowing}
Armour
 c - a +2 kite shield of fire resistance (worn)
   (You took it off a tengu warrior on level 14 of the Dungeon)
 m - a +2 helmet (worn)
   (You found it on level 2 of the Dungeon)
 n - a +0 cloak (worn)
   (You found it on level 2 of the Dungeon)
 w - a scarf of invisibility
   (You found it on level 5 of the Dungeon)
 A - a +2 plate armour of cold resistance (worn)
   (You found it in a Gauntlet)
 S - the +0 pair of fencer's gloves (worn) {Riposte Dex+3}
   (You bought it in a shop on level 15 of the Dungeon)

   It allows the wearer to riposte with melee weapons, swiftly retaliating
   against missed attacks.
   Dex:       It affects your dexterity (+3).
 Y - the +0 pair of boots of Weightlessness (worn) {rElec rPois rN++ Slay-2}
   (You found it in a Gauntlet)

   Slay:      It affects your accuracy & damage with ranged weapons and melee
   (-2).
   rElec:     It insulates you from electricity.
   rPois:     It protects you from poison.
   rN:        It greatly protects you from negative energy.
Magical Staves
 b - a staff of air {!astaff}
   (You found it on level 6 of the Lair of Beasts)
Jewellery
 e - a ring of magical power
   (You took it off an orc on level 9 of the Dungeon)
 q - an amulet of regeneration (around neck) {@e2}
   (You found it on level 4 of the Dungeon)
 r - a ring of magical power
   (You found it on level 12 of the Dungeon)
 t - the ring of Anoyr (right hand) {+Blink rN+ Will+ Dex+2 SInv}
   (You found it on level 13 of the Dungeon)

   [ring of positive energy]

   Dex:       It affects your dexterity (+2).
   rN:        It protects you from negative energy.
   SInv:      It lets you see invisible.
   +Blink:    It lets you blink.
   Will:      It increases your willpower.
 u - a +4 ring of evasion (left hand)
   (You found it on level 6 of the Lair of Beasts)
 O - a ring of poison resistance
   (You found it on level 3 of the Spider Nest)
 V - a ring of resist corrosion
   (You found it on level 1 of the Lair of Beasts)
Wands
 g - a wand of charming (14)
   (You took it off an orc on level 9 of the Dungeon)
 o - a wand of iceblast (4)
   (You found it on level 2 of the Lair of Beasts)
 p - a wand of polymorph (6)
   (You found it on level 8 of the Dungeon)
 J - a wand of paralysis (16)
   (You found it on level 11 of the Dungeon)
 W - a wand of digging (13)
   (You found it on level 4 of the Lair of Beasts)
Scrolls
 f - 12 scrolls of teleportation {@r4}
 h - 2 scrolls of fear
 i - 10 scrolls of immolation {!r!r}
 k - 2 scrolls of blinking {!r}
 v - 6 scrolls of magic mapping {!r}
 y - 3 scrolls of brand weapon
 B - 4 scrolls of vulnerability {!r!r}
 C - 3 scrolls of identify {@r1}
 G - 3 scrolls of fog
 H - 3 scrolls of summoning
 X - 3 scrolls of enchant weapon
Potions
 a - a potion of berserk rage {!q}
 j - 9 potions of curing {@q1}
 l - 9 potions of brilliance
 z - 2 potions of haste {@q3}
 E - 3 potions of lignification {!q}
 F - 2 potions of resistance
 I - 2 potions of attraction {!q}
 L - 5 potions of flight
 R - 2 potions of might
 T - 4 potions of mutation {!q}
 U - a potion of magic
Miscellaneous
 s - a phial of floods
   (You found it on level 1 of the Spider Nest)
 x - a lightning rod (4/4)
   (You found it on level 2 of the Lair of Beasts)
 D - a box of beasts
   (You found it on level 1 of the Spider Nest)
 Q - a condenser vane
   (You found it on level 4 of the Lair of Beasts)
 Z - a phantom mirror
   (You found it in a Gauntlet)

Dungeon Overview and Level Annotations

Branches:
Dungeon (15/15)            Temple (1/1) D:6            Lair (6/6) D:9
 Shoals (1/4) Lair:2       Spider (3/4) Lair:3        Slime (0/5) Lair:6
    Orc (2/2) D:10            Elf (0/3) Orc:2        Vaults (0/5) D:14
 Depths (0/4) D:15        Gauntlet (visited)

Altars:
Ashenzari
Cheibriados
Dithmenos
Elyvilon
Fedhas
Gozag
Hepliaklqana
Kikubaaqudgha
Makhleb
Nemelex Xobeh
Okawaru
Qazlal
Ru
Sif Muna
Trog
Uskayaw
Vehumet
Wu Jian
Xom
Yredelemnul
Zin
The Shining One
Jiyva

Shops:
D:7 (   D:15 [   Orc:2 (:?*[[

Annotations:
D:5 3 runed translucent doors, themarg's ghost, novice MiBe
D:9 exclusion: killer bee
Lair:4 Kirke
Lair:5 1 runed translucent door, exclusion: oklob plant, Adireryl's ghost, journeyman HOFi
Spider:2 2 transporters, growler's ghost, adept TeAE

≈≈P≈≈≈≈≈≈.......
P≈≈P≈≈≈≈≈.m......P.
P≈≈≈≈≈≈≈≈≈.........
#.≈≈≈≈≈≈.≈≈......P
#..P≈≈≈≈≈≈§.#...##
.≈≈≈≈§§§§§≈......#..
.≈≈≈≈§m§§§..§.......
≈≈≈≈≈§m@§§§§........
≈≈≈≈≈§§§§≈§§.#
≈≈≈≈≈§§§k.t§<#
≈≈≈≈≈≈≈≈≈.m.§...P...
≈≈≈≈≈≈≈≈≈≈≈≈§.......
≈≈≈≈≈≈≈≈≈c≈§§...≈≈≈.
≈≈≈≈≈≈≈≈≈≈≈≈....≈≈≈≈
....≈≈≈≈≈≈≈c.....≈≈≈
.≈.≈≈≈≈≈≈≈...##..≈≈


You could see a merfolk avatar (mesmerising), a merfolk javelineer, a snapping
turtle (fleeing), a wind drake (repels missiles, paralysed, fleeing), a faun
(fleeing) and a merfolk siren (fleeing).


Message History

The wind drake bites you but does no damage.
The merfolk avatar chants its luring song.
Your merfolk hits the merfolk javelineer with a +0 trident!
The snapping turtle bites you from afar!
* * * LOW HITPOINT WARNING * * *
The wind drake barely misses you. 😱 HP[-6] MP[-2]
You take 6 damage, and now have 14/90 hp.
You lost 2 mp, and now have 3/32 mp.
Aiming: Paralyse
Press: ? - help, Q - select action, (/) - cycle Shift-Dir - straight line, f - wind drake, p - merfolk javelineer
Aim: a wind drake (repelling missiles, chance to affect: 52%)
The wind drake suddenly stops moving!
The pull of its song draws you forwards.
You swap places with your merfolk.
The merfolk javelineer hits you but does no damage.
The merfolk avatar chants its luring song.
Your merfolk hits the merfolk javelineer from afar with a +0 trident! 😱 HP[+2]
You regained 2 hp, and now have 16/90 hp.
Your unstable footing causes you to fumble your attack.
The merfolk javelineer throws a javelin.
The javelin pierces through your merfolk!!
Your merfolk dies!
You hear a splash.
The merfolk avatar chants its luring song.
The snapping turtle barely misses you.
The merfolk javelineer throws a javelin.
The javelin barely misses you. 😱 HP[+2]
You regained 2 hp, and now have 18/90 hp.
You closely miss the merfolk javelineer.
You bite the merfolk javelineer, but do no damage.
The merfolk avatar is distracted by your dazzling golden aura.
The snapping turtle closely misses you.
The merfolk javelineer throws a javelin.
The javelin pierces through you.
* * * LOW HITPOINT WARNING * * *
😱 HP[-3]
You take 3 damage, and now have 15/90 hp.
You miss the merfolk javelineer.
The merfolk avatar shouts!
You bite the merfolk javelineer. You drain its power.
You feel invigorated.
You hear a shout!
The faun unwields a +0 spear.
The faun wields a +0 hunting sling.
The faun shoots a sling bullet.
The sling bullet barely misses you.
The sling bullet closely misses the merfolk avatar.
You block the snapping turtle's attack.
A merfolk siren comes into view. It is wielding a +0 spear.
The merfolk javelineer throws a javelin.
The javelin barely misses you.
A merfolk comes into view.
It is wielding a +0 trident. 😱 HP[+2] MP[+1]
You regained 2 hp, and now have 17/90 hp.
You closely miss the merfolk javelineer.
The faun shoots a sling bullet.
You block the sling bullet. You block the snapping turtle's attack.
The merfolk javelineer throws a javelin.
The javelin pierces through you!
* * * LOW HITPOINT WARNING * * *
😱 HP[-4] MP[-2]
You take 4 damage, and now have 13/90 hp.
You lost 2 mp, and now have 2/32 mp.
As you read the scroll of teleportation {@r4}, it crumbles to dust.
You feel strangely unstable. The snapping turtle closely misses you.
The merfolk javelineer throws a javelin.
The javelin barely misses you. 😱 HP[+2]
You regained 2 hp, and now have 15/90 hp.
As you read the scroll of fog, it crumbles to dust.
The scroll dissolves into smoke.
You block the snapping turtle's attack.
The merfolk javelineer throws a javelin.
The javelin pierces through you!
* * * LOW HITPOINT WARNING * * *
A faun comes into view.
It is wielding a +0 spear. 😱 HP[-11] MP[-1]
You take 11 damage, and now have 4/90 hp.
You lost 1 mp, and now have 1/32 mp.
Aiming: Thunderbolt
Press: ? - help, Q - select action, (/) - cycle Shift-Dir - straight line, f/p - wind drake
Aim: a wind drake (purple smoke, repelling missiles, paralysed)
Okay, then.
Read: 3 scrolls of fear
Press: ? - help, Q - select action, (/) - cycle Dir - look around, f - activate You can't see that place. [some shallow water.]
As you read the scroll of fear, it crumbles to dust.
You assume a fearsome visage.
The merfolk avatar resists with almost no effort.
The merfolk javelineer resists with some effort.
The merfolk siren looks frightened!
The faun looks frightened!
The faun shouts!
The snapping turtle looks frightened!
The wind drake looks frightened!
The merfolk avatar is no longer distracted by gold.
The merfolk avatar chants its luring song.
The merfolk javelineer throws a javelin.
The javelin pierces through you!
You die...
Your body crumbles into a pile of gold.

Skill      XL: |  1  2  3  4  5  6  7  8  9 10 11 12 13 14 15 16 17 |
---------------+----------------------------------------------------+-----
Short Blades   | 2 3 4 5 6 7 8 9 10 | 10.1
Fighting       | 3 4 5 6 7 8 9 10 | 10.7
Shields        | 3 4 |  4.6
Armour         | 3 4 5 6 7 8 9 |  9.7
Dodging        | 2 3 4 5 6 7 8 |  8.7
Spellcasting   | 1 3 5 6 7 9 10 | 10.0
Evocations     | 1 3 4 5 7 8 9 |  9.1
Air Magic      | 2 7 10 11 | 11.0
Transmutations | 2 7 10 11 | 11.0
Long Blades    | 1 4 5 |  5.5

Action                   |  1- 3 |  4- 6 |  7- 9 | 10-12 | 13-15 | 16-18 || total
-------------------------+-------+-------+-------+-------+-------+-------++-------
Melee: Rapier            |    74 |   101 |   319 |   437 |       |       ||   931
       Bite              |    10 |    27 |   110 |   357 |   808 |   345 ||  1657
       Short sword       |       |       |       |   472 |  1217 |       ||  1689
       Dagger            |       |       |       |       |   332 |       ||   332
       Scimitar          |       |       |       |       |   458 |   641 ||  1099
       Staff             |       |       |       |       |    13 |       ||    13
Throw: Dart              |       |       |    12 |     3 |    75 |    22 ||   112
       Stone             |       |       |     1 |       |       |       ||     1
Invok: Call Merchant     |       |       |       |       |     2 |       ||     2
Evoke: Wand              |       |       |       |    12 |    11 |     9 ||    32
       Lightning rod     |       |       |       |       |    10 |     2 ||    12
       Condenser vane    |       |       |       |       |     4 |     2 ||     6
       Phantom mirror    |       |       |       |       |     1 |       ||     1
  Use: Potion            |       |     1 |       |     3 |       |     2 ||     6
       Scroll            |       |     1 |     3 |     4 |    17 |    13 ||    38
 Stab: Distracted        |       |       |       |     6 |     5 |     2 ||    13
Armor: Scale mail        |    15 |       |       |       |       |       ||    15
       Plate armour      |    34 |    62 |   209 |   405 |   906 |   452 ||  2068
       Skin              |       |       |       |    24 |       |       ||    24
Dodge: Dodged            |    10 |    19 |    72 |   268 |   875 |   474 ||  1718
Block: Buckler           |    18 |    14 |    85 |   220 |   377 |       ||   714
       Kite shield       |       |       |       |       |   120 |   622 ||   742
       Rpst.: Scimitar   |       |       |       |       |     4 |    99 ||   103

Levels and vault maps discovered:
D:1:      dpeg_arrival_arbitrary_b, layout_basic,
          nicolae_concentric_dashed_squares_mild
D:2:      layout_loops_ring, dreamdust_ecumenical_altar_angels_and_demons
D:3:      layout_basic, uniq_grinder
D:4:      layout_cave_pods, mainiacjoe_overflow_tiny_flanked, uniq_sigmund
D:5:      cheibrodos_two_vegetables, layout_loops_ring, gammafunk_ghost_split
D:6:      layout_basic, temple_hall
D:7:      layout_loops_corners, nicolae_dithmenos_shadow_blocks,
          mainiacjoe_overflow_chevrons, serial_shops, shop_fountains
D:8:      layout_loops_ring, st_stairs_2, kennysheep_generic_room_12, uniq_erica
D:9:      layout_irregular_city, erik_lair_dragon, uniq_maggie
D:10:     layout_basic, mainiacjoe_overflow_large_starburst, david_orc_3,
          nicolae_lava_and_water, uniq_sonja
D:11:     layout_irregular_city
D:12:     layout_stronghold, serial_glass, glass_columns_b, glass_columns_b
D:13:     layout_cave_pools
D:14:     minmay_the_grid_plus [minmay_the_grid_aliased_spiral,
          minmay_the_grid_expand, minmay_the_grid_dragon_a,
          minmay_the_grid_zigzag_pyramid, minmay_the_grid_prize_inner_circle],
          layout_layer_cave, ximxim_vaults_locker_room,
          hangedman_decor_peaks_small, fiery_altar_vehumet
D:15:     grunt_enter_depths_hoard, layout_long_grid, serial_shops, shop,
          chequers_serial_rivers_micro_b, nzn_life_drinkers
Temple:   minmay_crystal_spiral_temple
Lair:1:   layout_gridlike
Lair:2:   layout_misc_corridors, elwin_shoals_entry_rooms,
          kennysheep_snail_temple, lemuel_fruit_tree, grunt_megastairs_1
Lair:3:   layout_regular_city, spider_nest_entry_rubble, gauntlet_entry_generic,
          minmay_hedge_maze, chequers_serial_rivers_marsh, grunt_megastairs_3,
          lemuel_fruit_fields
Lair:4:   layout_regular_city, chequers_serial_rivers_micro_b,
          chequers_serial_rivers_micro_b, lemuel_fruit_fields, uniq_josephine,
          uniq_kirke
Lair:5:   layout_regular_city, hellmonk_ghost_happy_afterlife,
          nicolae_quartered_pool_little
Lair:6:   hangedman_lair_tendril_chambers, layout_cave_pods, slime_altar_1
Shoals:1: layout_shoals, nicolae_shoals_wave_tunnel
Spider:1: layout_spider_delve, drop_trap, uniq_louise
Spider:2: layout_spider_delve, gammafunk_ghost_arena
Spider:3: layout_spider_delve, spiders_nest_the_unseen
Orc:1:    layout_caves, uniq_snorg
Orc:2:    st_orc_mages, layout_diamond_mine

Notes
Turn   | Place    | Note
-------+----------+-------------------------------------------
     0 | D:1      | GrayStillPlays the Vine Stalker Fighter began the quest for
                  | the Orb.
     0 | D:1      | Reached XP level 1. HP: 11/11 MP: 2/2
     0 | D:1      | magus.rc [v1.9.6]
   217 | D:1      | Reached skill level 2 in Short Blades
   217 | D:1      | Reached XP level 2. HP: 16/16 MP: 3/3
   587 | D:1      | You fall into a shaft and drop 1 floor!
  1211 | D:1      | Reached skill level 3 in Fighting
  1397 | D:2      | Found a faded altar of an unknown god.
  1400 | D:2      | Reached XP level 3. HP: 20/20 MP: 4/4
  1425 | D:2      | Reached skill level 3 in Shields
  1648 | D:3      | HP: 1/20 [gnoll (5)]
  1724 | D:2      | HP: 4/20 [gnoll (1)]
  1730 | D:2      | HP: 4/20 [gnoll (1)]
  1736 | D:2      | HP: 1/20 [gnoll (3)]
  2288 | D:3      | Noticed Grinder
  2297 | D:3      | Gained mutation: Your natural rate of healing is unusually
                  | fast. [Vine Stalker growth]
  2297 | D:3      | Reached XP level 4. HP: 24/24 MP: 5/5
  2314 | D:3      | Killed Grinder
  2315 | D:3      | Reached skill level 3 in Short Blades
  2315 | D:3      | Reached skill level 3 in Armour
  2315 | D:3      | Reached XP level 5. HP: 29/29 MP: 6/6
  2315 | D:3      | Reached XP level 6. HP: 33/33 MP: 7/7
  3139 | D:4      | You pick up a book of Burglary and begin reading...
  3139 | D:4      | You add the spells Passwall, Ensorcelled Hibernation and
                  | Swiftness to your library.
  3191 | D:4      | Found a white marble altar of Elyvilon.
  3204 | D:4      | Reached skill level 4 in Fighting
  3275 | D:4      | Reached skill level 4 in Shields
  3314 | D:4      | Reached XP level 7. HP: 19/37 MP: 5/8
  3450 | D:4      | Reached skill level 4 in Armour
  3531 | D:4      | Noticed Sigmund
  3557 | D:4      | Killed Sigmund
  3558 | D:4      | Reached skill level 4 in Short Blades
  3810 | D:4      | You add the spells Ignite Poison, Mephitic Cloud and
                  | Freezing Cloud to your library.
  4147 | D:5      | Entered Level 5 of the Dungeon
  4193 | D:5      | Found a runed translucent gate.
  4194 | D:5      | Found a runed translucent gate.
  4195 | D:5      | Found a runed translucent gate.
  4196 | D:5      | Noticed themarg's ghost (novice MiBe)
  4277 | D:5      | Gained mutation: You have razor-sharp teeth. [Vine Stalker
                  | growth]
  4277 | D:5      | Reached XP level 8. HP: 42/42 MP: 9/9
  4407 | D:5      | Noticed a wraith
  4467 | D:4      | Killed a wraith
  4468 | D:4      | Reached skill level 5 in Fighting
  4468 | D:4      | Reached skill level 1 in Dodging
  4943 | D:6      | Reached skill level 1 in Spellcasting
  4943 | D:6      | Reached skill level 1 in Evocations
  5029 | D:6      | Reached skill level 2 in Dodging
  5112 | D:6      | HP: 9/44 [orc warrior (10)]
  5118 | D:6      | HP: 7/44 [orc warrior/boomerang (8)]
  5160 | D:6      | Reached skill level 5 in Short Blades
  5164 | D:6      | Reached skill level 5 in Armour
  5208 | D:6      | Found a staircase to the Ecumenical Temple.
  5220 | Temple   | Entered the Ecumenical Temple
  5713 | D:6      | Reached XP level 9. HP: 46/47 MP: 10/12
  6008 | D:7      | Reached skill level 2 in Spellcasting
  6023 | D:7      | Reached skill level 2 in Evocations
  6030 | D:7      | Found a shadowy altar of Dithmenos.
  6286 | D:7      | You add the spells Conjure Flame and Sticky Flame to your
                  | library.
  6425 | D:7      | Found Uqaubb's Antique Weapon Boutique.
  6574 | D:7      | HP: 12/48 [steam dragon] (10)]
  6805 | D:7      | Found a glowing golden altar of the Shining One.
  7209 | D:8      | Identified a +2 robe of the Archmagi
  7209 | D:8      | Noticed Erica
  7652 | D:8      | Reached skill level 3 in Dodging
  7684 | D:8      | Reached skill level 6 in Fighting
  7748 | D:8      | Reached skill level 3 in Spellcasting
  7792 | D:8      | Killed Erica
  7793 | D:8      | Reached skill level 3 in Evocations
  7862 | D:8      | You pick up a book of Weapons and begin reading...
  7862 | D:8      | You add the spells Portal Projectile, Excruciating Wounds
                  | and Blade Hands to your library.
  8114 | D:9      | Reached XP level 10. HP: 31/53 MP: 9/16
  8335 | D:9      | Reached skill level 6 in Short Blades
  8408 | D:9      | Reached skill level 4 in Spellcasting
  8565 | D:9      | You pick up a book of Cantrips and begin reading...
  8565 | D:9      | You add the spells Animate Skeleton, Summon Small Mammal
                  | and Apportation to your library.
  8616 | D:9      | Reached skill level 6 in Armour
  8616 | D:9      | Reached skill level 4 in Dodging
  8666 | D:9      | Reached skill level 4 in Evocations
  8766 | D:9      | Reached skill level 7 in Fighting
  8819 | D:9      | Found a staircase to the Lair.
  9001 | D:9      | Noticed a kobold demonologist
  9006 | D:9      | Killed a kobold demonologist
  9046 | D:9      | Noticed Maggie
  9062 | D:9      | Killed Maggie
  9063 | D:9      | Reached skill level 5 in Spellcasting
  9140 | D:9      | Reached XP level 11. HP: 58/58 MP: 19/19
  9438 | D:10     | Entered Level 10 of the Dungeon
  9565 | D:10     | Reached skill level 5 in Dodging
  9585 | D:10     | Reached skill level 7 in Short Blades
  9593 | D:10     | Reached skill level 5 in Evocations
  9634 | D:10     | Found a staircase to the Orcish Mines.
  9665 | D:10     | HP: 14/58 [komodo dragon (13)]
  9897 | D:10     | Noticed a two-headed ogre
  9969 | D:10     | Killed a two-headed ogre
 10199 | D:10     | Noticed a two-headed ogre
 10219 | D:10     | Killed a two-headed ogre
 10305 | D:10     | Reached skill level 7 in Armour
 10347 | D:10     | Found an opulent altar of Gozag.
 10361 | D:10     | Found an iron altar of Okawaru.
 10365 | D:10     | Became a worshipper of Gozag Ym Sagoz the Greedy
 10377 | D:10     | You pick up a book of the Hunter and begin reading...
 10377 | D:10     | You add the spells Call Canine Familiar and Leda's
                  | Liquefaction to your library.
 10384 | D:10     | Noticed Sonja
 10398 | D:10     | HP: 22/88 [Sonja (1)]
 10400 | D:10     | HP: 10/88 [poisoned by Sonja]
 10405 | D:10     | HP: 9/88 [poisoned by Sonja]
 10410 | D:10     | HP: 12/88 [poisoned by Sonja]
 10413 | D:10     | HP: 3/88 [poisoned by Sonja]
 10415 | D:10     | Killed Sonja
 10416 | D:10     | Reached skill level 6 in Spellcasting
 10418 | D:10     | HP: 7/90 [poisoned by Sonja]
 10838 | Lair:1   | Entered Level 1 of the Lair of Beasts
 11054 | Lair:1   | You pick up a book of Changes and begin reading...
 11054 | Lair:1   | You add the spells Beastly Appendage, Wereblood and Spider
                  | Form to your library.
 11139 | Lair:1   | Reached skill level 8 in Fighting
 11142 | Lair:1   | HP: 14/60 [cane toad (3)]
 11147 | Lair:1   | HP: 10/60 [poisoned by a cane toad]
 11152 | Lair:1   | HP: 9/60 [poisoned by a cane toad]
 11157 | Lair:1   | HP: 13/60 [poisoned by a cane toad]
 11633 | Lair:1   | Reached XP level 12. HP: 63/65 MP: 22/22
 11945 | Lair:1   | Reached skill level 6 in Evocations
 12097 | Lair:2   | Reached skill level 6 in Dodging
 12312 | Lair:2   | Reached skill level 8 in Short Blades
 12374 | Lair:2   | Reached skill level 7 in Spellcasting
 12387 | Lair:2   | Found a staircase to the Shoals.
 12397 | Lair:2   | You fall into a shaft and drop 2 floors!
 12488 | Lair:4   | Noticed a five-headed hydra
 12503 | Lair:4   | Killed a five-headed hydra
 12515 | Lair:4   | Noticed a five-headed hydra
 12546 | Lair:4   | Killed a five-headed hydra
 12604 | Lair:4   | Noticed Josephine
 12636 | Lair:4   | Killed Josephine
 12668 | Lair:4   | Reached skill level 8 in Armour
 12838 | Lair:4   | Reached skill level 9 in Fighting
 12838 | Lair:4   | Reached skill level 7 in Evocations
 13025 | Lair:4   | Noticed Kirke
 13137 | Lair:3   | Found a gate leading to a gauntlet.
 13168 | Lair:3   | Reached XP level 13. HP: 70/70 MP: 25/25
 13267 | Lair:3   | Reached skill level 7 in Dodging
 13340 | Lair:3   | Reached skill level 8 in Spellcasting
 13519 | Gauntlet | Entered a Gauntlet
 13519 | Gauntlet | Found a transporter.
 13528 | Gauntlet | Found a transporter.
 13543 | Gauntlet | Found a transporter.
 13549 | Gauntlet | Found a transporter.
 13568 | Gauntlet | Found a transporter.
 13583 | Gauntlet | Found a transporter.
 13605 | Gauntlet | Noticed a quicksilver ooze
 13610 | Gauntlet | Found a transporter.
 13619 | Gauntlet | Found a transporter.
 13631 | Gauntlet | Found a transporter.
 13643 | Gauntlet | Found a transporter.
 13670 | Gauntlet | Found a transporter.
 13683 | Gauntlet | Found a transporter.
 13685 | Gauntlet | Found a transporter.
 13712 | Gauntlet | Found a transporter.
 13714 | Gauntlet | Found a transporter.
 13736 | Gauntlet | Found a transporter.
 13738 | Gauntlet | Found a transporter.
 13830 | Gauntlet | Found a transporter.
 14470 | Gauntlet | Killed a quicksilver ooze
 14471 | Gauntlet | Reached skill level 9 in Short Blades
 14650 | Gauntlet | Identified the +0 pair of boots of Weightlessness {rElec
                  | rPois rN++ Slay-2}
 14684 | Gauntlet | Noticed a minotaur
 14755 | Gauntlet | Killed a minotaur
 14957 | Lair:3   | Found a hole to the Spider Nest.
 17027 | Lair:5   | Found a runed translucent door.
 17032 | Lair:5   | Noticed Adireryl's ghost (journeyman HOFi)
 17435 | Lair:6   | Entered Level 6 of the Lair of Beasts
 17469 | Lair:6   | Reached skill level 8 in Evocations
 17590 | Lair:6   | You pick up a book of Air and begin reading...
 17590 | Lair:6   | You add the spells Shock and Airstrike to your library.
 17610 | Lair:6   | Reached skill level 9 in Armour
 17857 | Lair:6   | Reached skill level 9 in Spellcasting
 17893 | Lair:6   | Reached XP level 14. HP: 74/76 MP: 28/28
 17911 | Lair:6   | Reached skill level 10 in Fighting
 17953 | Lair:6   | Found a staircase to the Slime Pits.
 17954 | Lair:6   | Found a viscous altar of Jiyva.
 17962 | Lair:6   | You pick up a book of Beasts and begin reading...
 17962 | Lair:6   | You add the spells Summon Ice Beast, Summon Mana Viper and
                  | Monstrous Menagerie to your library.
 18337 | Lair:6   | Reached skill level 8 in Dodging
 19537 | Lair:6   | Reached skill level 10 in Short Blades
 20122 | Orc:1    | Entered Level 1 of the Orcish Mines
 20631 | Orc:2    | Entered Level 2 of the Orcish Mines
 20631 | Orc:2    | Found a staircase to the Elven Halls.
 21197 | Orc:2    | Identified a +1 robe of the Archmagi
 21533 | Orc:1    | Reached skill level 9 in Evocations
 21809 | Orc:2    | Found Medisuec's Armour Shoppe.
 21809 | Orc:2    | Found Upoit's Antique Armour Shoppe.
 21825 | Orc:2    | Found Toraynabb's Magic Scroll Emporium.
 21825 | Orc:2    | Found Exkueheto's General Store.
 21869 | Orc:2    | Reached skill level 10 in Spellcasting
 22052 | Orc:2    | Bought a scroll of identify for 28 gold pieces
 22052 | Orc:2    | Bought a scroll of identify for 28 gold pieces
 22052 | Orc:2    | Bought a scroll of identify for 28 gold pieces
 22052 | Orc:2    | Bought a scroll of identify for 28 gold pieces
 22502 | Orc:1    | Noticed Snorg
 22549 | Orc:2    | Killed Snorg
 23364 | Orc:2    | Bought the Guide on the Aerial Mountains for 456 gold
                  | pieces
 23364 | Orc:2    | You add the spells Iron Shot and Storm Form to your
                  | library.
 23372 | Orc:2    | Learned a level 7 spell: Storm Form
 23373 | Orc:2    | Bought the +10 scimitar "Xipatoo" {holy, Dex+4} for 871
                  | gold pieces
 23790 | D:11     | Reached skill level 1 in Air Magic
 23800 | D:11     | Reached skill level 1 in Transmutations
 23897 | D:11     | You pick up a book of Maledictions and begin reading...
 23897 | D:11     | You add the spells Tukima's Dance, Anguish and Enfeeble to
                  | your library.
 24470 | D:12     | Reached skill level 1 in Long Blades
 24480 | D:12     | Reached skill level 2 in Transmutations
 24480 | D:12     | Reached skill level 2 in Air Magic
 24480 | D:12     | Reached XP level 15. HP: 55/81 MP: 30/30
 25153 | D:12     | Reached skill level 3 in Transmutations
 25153 | D:12     | Reached skill level 3 in Air Magic
 25467 | D:13     | Reached skill level 2 in Long Blades
 25732 | D:13     | Reached skill level 4 in Transmutations
 25732 | D:13     | Reached skill level 4 in Air Magic
 25821 | D:13     | Identified the ring of Anoyr {+Blink rN+ Will+ Dex+2 SInv}
 26657 | D:14     | Reached skill level 3 in Long Blades
 26665 | D:14     | Reached skill level 5 in Air Magic
 26708 | D:14     | Reached skill level 5 in Transmutations
 26840 | D:14     | Found a gate to the Vaults.
 27016 | D:14     | Reached skill level 6 in Air Magic
 27022 | D:14     | Reached skill level 6 in Transmutations
 27236 | D:14     | Reached skill level 4 in Long Blades
 27295 | D:14     | Found a radiant altar of Vehumet.
 27806 | D:14     | You pick up a book of Maledictions and begin reading...
 27813 | D:14     | You pick up a book of Cantrips and begin reading...
 28324 | D:15     | Entered Level 15 of the Dungeon
 28579 | D:15     | Reached skill level 7 in Transmutations
 28579 | D:15     | Reached skill level 7 in Air Magic
 28586 | D:15     | HP: 18/81 [centaur warrior/arrow (14)]
 28962 | D:15     | Found Omejaf's Armour Emporium.
 29015 | D:15     | Bought the +0 pair of fencer's gloves {Riposte Dex+3} for
                  | 520 gold pieces
 29015 | D:15     | Found the +0 pair of fencer's gloves {Riposte Dex+3}
 29125 | D:15     | Reached XP level 16. HP: 86/86 MP: 31/31
 29372 | D:15     | Found a staircase to the Depths.
 29684 | D:15     | Reached skill level 8 in Transmutations
 29684 | D:15     | Reached skill level 8 in Air Magic
 29949 | D:15     | Reached skill level 5 in Long Blades
 30421 | Spider:1 | Entered Level 1 of the Spider Nest
 30421 | Spider:1 | Noticed Louise
 30552 | Lair:3   | Killed Louise
 30788 | Lair:3   | HP: 19/86 [poisoned by a redback]
 30793 | Lair:3   | HP: 14/86 [poisoned by a redback]
 30798 | Lair:3   | HP: 18/86 [poisoned by a redback]
 31207 | Lair:3   | HP: 21/86 [redback (1)]
 31208 | Lair:3   | HP: 10/86 [poisoned by a redback]
 31559 | Spider:1 | Reached skill level 9 in Transmutations
 31559 | Spider:1 | Reached skill level 9 in Air Magic
 32250 | Spider:1 | HP: 20/86 [wolf spider (5)]
 32587 | Spider:2 | You pick up a book of the Hunter and begin reading...
 32836 | Spider:2 | HP: 19/86 [meliai/divine providence (9)]
 32987 | Spider:2 | HP: 15/86 [entropy weaver (8)]
 32987 | Spider:2 | HP: 6/86 [entropy weaver (9)]
 33182 | Spider:2 | Noticed growler's ghost (adept TeAE)
 33315 | Spider:2 | Found a transporter.
 33385 | Spider:2 | Reached skill level 10 in Air Magic
 33452 | Spider:1 | Reached skill level 10 in Transmutations
 33612 | Spider:2 | Found a transporter.
 35156 | Spider:2 | Reached XP level 17. HP: 61/90 MP: 27/32
 35160 | Spider:2 | Learned a level 3 spell: Swiftness
 35231 | Spider:3 | You pick up a book of Iron and begin reading...
 35461 | Spider:3 | Reached skill level 11 in Transmutations
 35461 | Spider:3 | Reached skill level 11 in Air Magic
 36071 | Shoals:1 | Entered Level 1 of the Shoals
 36089 | Shoals:1 | HP: 17/90 [merfolk javelineer/javelin (16)]
 36094 | Shoals:1 | HP: 15/90 [merfolk javelineer/javelin (5)]
 36098 | Shoals:1 | HP: 4/90 [merfolk javelineer/javelin (12)]
 36099 | Shoals:1 | Hit by a javelin thrown by a merfolk javelineer

Vanquished Creatures
  Louise (Lair:3)
  5 ghost moths
  A quicksilver ooze (Gauntlet)
  2 broodmothers
  2 spark wasps
  2 entropy weavers
  A minotaur (Gauntlet)
  Snorg (Orc:2)
  Josephine (Lair:4)
  2 fire dragons
  An ice dragon (D:15)
  8 hydras
  A catoblepas (Lair:6)
  An ogre mage (D:15)
  8 two-headed ogres
  3 vault guards (D:14)
  Erica (D:8)
  8 boulder beetles
  7 centaur warriors
  2 death knights
  6 tengu warriors
  4 orc high priests
  3 death yaks (Lair:6)
  A vampire mage (D:15)
  Sonja (D:10)
  3 sun moths
  A pharaoh ant (Spider:2)
  A skeletal warrior (D:14)
  4 steelbarb worms
  2 wizards
  A swamp dragon (D:14)
  2 orb spiders (Spider:2)
  12 wolf spiders
  2 orc sorcerers (Orc:2)
  7 ugly things
  8 cyclopes
  11 black mambas
  12 elephants
  A guardian serpent (Lair:6)
  A moth of wrath (Spider:2)
  A guardian serpent (shapeshifter) (D:12)
  A gargoyle (D:9)
  Maggie (D:9)
  2 torpor snails (Spider:2)
  8 komodo dragons
  15 cane toads
  3 rime drakes
  An unseen horror (D:11)
  A yaktaur (D:14)
  2 efreet
  2 kobold demonologists
  2 demonic crawlers (Spider:1)
  2 tengu conjurers (D:12)
  3 trolls
  12 meliai
  A wind drake (shapeshifter) (D:13)
  2 polar bears
  Grinder (D:3)
  2 hornets (Lair:6)
  8 tarantellas
  21 dream sheep
  15 slime creatures
  7 culicivoras
  Sigmund (D:4)
  18 jumping spiders
  4 centaur simulacra (Gauntlet)
  15 wyverns
  7 wraiths
  38 yaks
  A vampire (D:8)
  A yak (shapeshifter) (D:13)
  7 humans (D:14)
  2 basilisks
  A steam dragon (D:7)
  45 redbacks
  4 hogs (Lair:4)
  2 acid dragons
  23 water moccasins
  19 orc warriors
  A black bear (D:4)
  3 sky beasts
  21 wolves
  10 ogres
  A necrophage (D:5)
  17 centaurs
  2 phantoms
  A kobold brigand (D:9)
  A scorpion (D:4)
  9 bullfrogs
  2 gnoll sergeants
  3 killer bees (D:9)
  6 howler monkeys
  An electric eel (Spider:1)
  3 centaur zombies
  A wyvern simulacrum (Gauntlet)
  30 orc priests
  4 hounds
  32 orc wizards
  A hound skeleton (D:4)
  A howler monkey zombie (D:10)
  5 adders
  16 gnolls
  3 shadow imps
  An ufetubus (D:6)
  An adder skeleton (D:4)
  A worm (D:3)
  3 dart slugs
  71 orcs
  5 bats
  An endoplasm (shapeshifter) (D:14)
  3 endoplasms
  A giant cockroach (D:2)
  3 goblins
  4 hobgoblins
  15 kobolds
  7 ball pythons
  2 frilled lizards
  4 rats
  2 butterflies (Lair:4)
740 creatures vanquished.

Vanquished Creatures (others)
  A merfolk (Shoals:1)
  2 humans (D:14)
  An orc wizard (D:13)
  53 fungi
  77 plants
  14 withered plants (Gauntlet)
148 creatures vanquished.

Grand Total: 888 creatures vanquished

Table legend:
 A = Non-vault XP
 B = Vault XP
 C = Vault XP percentage of total XP
 D = Non-vault monster count
 E = Vault monster count
 F = Vault count percentage of total count
                 A         B        C        D         E       F
            +---------+---------+-------+---------+---------+-------
      Total |  137178 |   47105 |  25.6 |     575 |     163 |  22.1
            +---------+---------+-------+---------+---------+-------
        D:1 |      26 |       0 |   0.0 |      16 |       0 |   0.0
        D:2 |      39 |       0 |   0.0 |       9 |       0 |   0.0
        D:3 |      84 |     277 |  76.7 |      21 |       1 |   4.5
        D:4 |     710 |     227 |  24.2 |      19 |       1 |   5.0
        D:5 |     400 |      72 |  15.3 |      15 |       3 |  16.7
        D:6 |     593 |       0 |   0.0 |      14 |       0 |   0.0
        D:7 |     474 |       0 |   0.0 |       5 |       0 |   0.0
        D:8 |     371 |    1228 |  76.8 |       4 |       4 |  50.0
        D:9 |    4331 |    1717 |  28.4 |      41 |       6 |  12.8
       D:10 |    4285 |     873 |  16.9 |      31 |       7 |  18.4
       D:11 |    2031 |       0 |   0.0 |      14 |       0 |   0.0
       D:12 |    7561 |       0 |   0.0 |      19 |       0 |   0.0
       D:13 |    6490 |       0 |   0.0 |      21 |       0 |   0.0
       D:14 |   10489 |   12654 |  54.7 |      25 |      24 |  49.0
       D:15 |   12001 |    2587 |  17.7 |      21 |       3 |  12.5
     Lair:1 |    3884 |     501 |  11.4 |      19 |       2 |   9.5
     Lair:2 |    3024 |     218 |   6.7 |      15 |       1 |   6.2
     Lair:3 |   11717 |    2123 |  15.3 |      48 |       3 |   5.9
     Lair:4 |    9676 |    2730 |  22.0 |      26 |      10 |  27.8
     Lair:5 |    4768 |       0 |   0.0 |      13 |       0 |   0.0
     Lair:6 |   12717 |   10172 |  44.4 |      35 |      37 |  51.4
   Spider:1 |   13714 |       0 |   0.0 |      36 |       0 |   0.0
   Spider:2 |   20831 |       0 |   0.0 |      55 |       0 |   0.0
   Spider:3 |    3948 |    1212 |  23.5 |       7 |       1 |  12.5
      Orc:1 |    1155 |    1622 |  58.4 |      25 |       3 |  10.7
      Orc:2 |    1859 |    5155 |  73.5 |      21 |      47 |  69.1
   Gauntlet |       0 |    3737 | 100.0 |       0 |      10 | 100.0
            +---------+---------+-------+---------+---------+-------

Illustrated notes

Table legend:
 A = Kills in this place as a percentage of kills in entire the game.
 B = Kills by you in this place as a percentage of kills by you in the entire game.
 C = Kills by friends in this place as a percentage of kills by friends in the entire game.
 D = Other kills in this place as a percentage of other kills in the entire game.
 E = Experience gained in this place as a percentage of experience gained in the entire game.
 F = Experience gained in this place divided by the number of levels of this place that you have seen.
                   A       B       C       D       E      F
               +-------+-------+-------+-------+-------+----------------------
         Total | 100.0 | 100.0 |   N/A |   N/A | 100.0 | 6354.6
       Dungeon |  43.9 |  43.9 |   N/A |   N/A |  37.7 | 4634.7
          Lair |  28.3 |  28.3 |   N/A |   N/A |  33.4 | 10255.0
   Spider Nest |  13.4 |  13.4 |   N/A |   N/A |  21.5 | 13235.0
  Orcish Mines |  13.0 |  13.0 |   N/A |   N/A |   5.3 | 4895.5
      Gauntlet |   1.4 |   1.4 |   N/A |   N/A |   2.0 | 3737.0
               +-------+-------+-------+-------+-------+----------------------

Table legend: (Time is in decaauts)
 A = Elapsed time spent in this place.
 B = Non-inter-level travel time spent in this place.
 C = Inter-level travel time spent in this place.
 D = Time resting spent in this place.
 E = Time spent auto-exploring this place.
 F = Levels seen in this place.
 G = Mean time per level.
                   A        B        C        D        E       F      G
               +--------+--------+--------+--------+--------+-----+--------+
         Total |  35826 |  33570 |   2256 |   4678 |  13857 |  29 | 1235.4 |
       Dungeon |  18139 |  16964 |   1175 |   1894 |   8915 |  15 | 1209.3 |
        Temple |    200 |    121 |     79 |      0 |    104 |   1 |  200.0 |
          Lair |   8292 |   7925 |    367 |   1063 |   2822 |   6 | 1382.0 |
        Shoals |     29 |     29 |      0 |      0 |      0 |   1 |   29.0 |
   Spider Nest |   4983 |   4795 |    188 |   1409 |   1009 |   3 | 1661.0 |
  Orcish Mines |   2801 |   2356 |    445 |    167 |    613 |   2 | 1400.5 |
      Gauntlet |   1380 |   1380 |      0 |    144 |    394 |   1 | 1380.0 |
               +--------+--------+--------+--------+--------+-----+--------+

Top non-repeatable levels by time:
Spider:2: 2382 daAuts
  Lair:3: 2327 daAuts
  Lair:6: 2267 daAuts
    D:14: 1970 daAuts
   Orc:2: 1943 daAuts
    D:15: 1766 daAuts
     D:9: 1766 daAuts
    D:10: 1722 daAuts
Spider:1: 1548 daAuts
Gauntlet: 1380 daAuts
     D:2: 1270 daAuts
  Lair:1: 1243 daAuts
     D:4: 1133 daAuts
  Lair:4: 1110 daAuts
    D:13: 1110 daAuts
